 Dungeon Crawl Stone Soup version 0.22-a0-271-gc000056 (webtiles) character file.

2748 tidbits the Martial Artist (level 9, 15/68 HPs)
             Began as a Gnoll Transmuter on Mar 11, 2018.
             Was a Believer of Cheibriados.
             Quit the game on level 10 of the Dungeon.
             The game lasted 00:18:17 (1852 turns).

tidbits the Martial Artist (Gnoll Transmuter)       Turns: 1852, Time: 00:18:17

Health: 15/68      AC:  2    Str: 18    XL:     9   Next: 68%
Magic:  15/21      EV: 28    Int: 24    God:    Cheibriados [**....]
Gold:   252        SH:  0    Dex: 25    Spells: 7/21 levels left

rFire    . . .     SeeInvis .     - Unarmed
rCold    . . .     Gourm    .   (shield currently unavailable)
rNeg     . . .     Faith    .   (armour currently unavailable)
rPois    x         Spirit   .   (helmet currently unavailable)
rElec    .         Reflect  .   (cloak currently unavailable)
rCorr    .         Harm     .   (gloves currently unavailable)
MR       .....                  (boots currently unavailable)
Stlth    ++........             (no amulet)
HPRegen  0.21/turn              g - ring of loudness (curse)
MPRegen  0.17/turn              (no ring)

@: lethally poisoned (15 -> -18), spider-form, very slow
A: tiny, distributed training, high mp 1, strong nose
a: End Transformation, Bend Time, Renounce Religion


You were on level 10 of the Dungeon.
You worshipped Cheibriados.
Cheibriados was pleased with you.
You were not hungry.
You were a venomous arachnid creature.
You visited 1 branch of the dungeon, and saw 11 of its levels.

You collected 252 gold pieces.

Inventory:

Hand Weapons
 e - a +0 dagger (melded)
 r - a +0 hand crossbow
 t - a +0 blowgun
 y - a +0 scimitar
Missiles
 a - 39 arrows
 d - a throwing net {!f}
 f - 54 stones
 m - 4 silver javelins
 q - 11 bolts
 s - 10 poisoned needles
 x - 2 poisoned tomahawks (quivered)
Armour
 b - a +0 robe (melded)
 k - a cursed -1 ring mail
 G - a +0 pair of gloves (melded)
Jewellery
 g - a cursed ring of loudness (left front leg)
   (You found it on level 4 of the Dungeon)
Wands
 u - a wand of iceblast (7)
Scrolls
 h - 5 scrolls of teleportation
 j - a scroll of random uselessness {unknown}
 l - 3 scrolls of enchant armour
 o - a scroll of remove curse {unknown}
 p - a scroll of torment {unknown}
 w - a scroll of enchant weapon {unknown}
Potions
 i - a potion of resistance
 n - a potion of haste
Comestibles
 c - 7 rations


   Skills:
 + Level 5.2 Fighting
 + Level 4.4 Short Blades
 + Level 4.4 Long Blades
 + Level 4.4 Axes
 + Level 4.4 Maces & Flails
 + Level 4.4 Polearms
 + Level 4.4 Staves
 + Level 4.4 Slings
 + Level 4.4 Bows
 + Level 4.4 Crossbows
 + Level 4.4 Throwing
 + Level 4.4 Armour
 + Level 6.4 Dodging
 + Level 4.4 Stealth
 + Level 4.4 Shields
 + Level 8.0 Unarmed Combat
 + Level 6.7 Spellcasting
 + Level 3.6 Conjurations
 + Level 3.6 Hexes
 + Level 3.6 Charms
 + Level 3.6 Summonings
 + Level 3.6 Necromancy
 + Level 3.6 Translocations
 + Level 5.3 Transmutations
 + Level 3.6 Fire Magic
 + Level 3.6 Ice Magic
 + Level 3.6 Air Magic
 + Level 3.6 Earth Magic
 + Level 3.6 Poison Magic
 + Level 4.8 Invocations
 + Level 4.4 Evocations


You had 7 spell levels left.
You knew the following spells:

 Your Spells              Type           Power        Failure   Level  Hunger
e - Beastly Appendage     Tmut           ####..       4%          1    None
h - Blade Hands           Tmut           ####......   43%         5    #####..
k - Sticks to Snakes      Tmut           ####....     6%          2    None
n - Animate Skeleton      Necr           N/A          7%          1    None
p - Spider Form           Tmut/Pois      ####......   12%         3    None
t - Confusing Touch       Hex            ####..       7%          1    None
A - Apportation           Tloc           ####..       7%          1    None


Dungeon Overview and Level Annotations

Branches:
Dungeon (11/15)            Temple (0/1) D:4
   Lair: D:8-11         Orc: D:9-12

Altars:
Cheibriados
Sif Muna
Zin

Annotations:
D:9 exclusion: hippogriff, Maurice


Innate Abilities, Weirdness & Mutations

Your experience applies equally to all skills.
((You have very sharp teeth.))
Your uncanny sense of smell can sniff out nearby items.
You have an increased reservoir of magic. (+10% MP)
((Your system is resistant to poisons. (rPois)))


Message History

Confirm with . or Enter, or press ? or * to list all spells.
You turn into a venomous arachnid creature.
Your +0 dagger melds into your body.
Your +0 pair of gloves melds into your body.
Your +0 robe melds into your body.
Your adder bites the gnoll.
The gnoll is poisoned.
Your adder poisons the gnoll!
The gnoll barely misses your ball python.
Your ball python bites the gnoll but does no damage.
Your ball python constricts the gnoll.
Your adder bites the gnoll sergeant.
Your adder bites the gnoll.
Your ball python bites the gnoll but does no damage.
Your ball python constricts the gnoll.
Your adder bites the gnoll sergeant but does no damage.
The gnoll closely misses your adder.
The gnoll sergeant barely misses your adder.
Your ball python completely misses the gnoll sergeant.
Your ball python barely misses the gnoll sergeant.
Your ball python bites the gnoll.
Your ball python constricts the gnoll.
Your adder closely misses the gnoll sergeant.
Your adder bites the gnoll but does no damage.
You swap places.
Your ball python withers and dies!
The gnoll hits your adder with a halberd.
The gnoll sergeant closely misses your adder.
Your ball python barely misses the gnoll sergeant.
Your ball python grabs the gnoll sergeant.
Your ball python constricts the gnoll sergeant.
Your adder bites the gnoll. x2
Your ball python bites the gnoll but does no damage.
Your ball python constricts the gnoll.
The gnoll dies!
Cheibriados appreciates the change of pace.
Your Unarmed Combat skill increases to level 8!
Your ball python bites the gnoll sergeant but does no damage.
Your ball python constricts the gnoll sergeant.
Your adder bites the gnoll sergeant but does no damage.
The gnoll sergeant barely misses your ball python.
Your ball python bites the gnoll but does no damage.
Your ball python grabs the gnoll.
Your ball python constricts the gnoll.
Your adder bites the gnoll.
You swap places.
Your ball python loses its grip on the gnoll.
A gnoll comes into view. It is wielding a club.
Your adder bites the gnoll.
The gnoll completely misses you.
Your adder bites the gnoll.
Your ball python bites the gnoll sergeant but does no damage.
Your ball python constricts the gnoll sergeant.
The gnoll sergeant completely misses you.
Your adder closely misses the gnoll.
Your adder barely misses the gnoll.
Your ball python completely misses the gnoll sergeant.
Your ball python constricts the gnoll sergeant.
You bite the gnoll!
You kill the gnoll!
Cheibriados appreciates the change of pace.
The gnoll sergeant completely misses you.
Your ball python bites the gnoll sergeant.
Your ball python constricts the gnoll sergeant.
The gnoll sergeant hits you with a spear of venom.
* * * LOW HITPOINT WARNING * * *
You are poisoned.
Your ball python loses its grip on the gnoll sergeant.
Your ball python barely misses the gnoll sergeant.
Your ball python grabs the gnoll sergeant.
Your ball python constricts the gnoll sergeant.
Your adder bites the gnoll sergeant but does no damage.
The gnoll sergeant hits you with a spear of venom!
* * * LOW HITPOINT WARNING * * *
You are lethally poisoned!
Unknown command.
You hit the gnoll sergeant but do no damage.
The gnoll sergeant is lightly wounded.
* * * LOW HITPOINT WARNING * * *
You feel very sick.
Your adder bites the gnoll sergeant.
Your ball python bites the gnoll sergeant but does no damage. x2
Your ball python constricts the gnoll sergeant.
Your ball python bites the gnoll sergeant but does no damage.
You bite the gnoll sergeant!
The gnoll sergeant is severely wounded.
* * * LOW HITPOINT WARNING * * *
You feel sick.
The gnoll shouts!
Your adder barely misses the gnoll sergeant.
The gnoll sergeant closely misses you.
Your ball python bites the gnoll sergeant but does no damage.
Your ball python constricts the gnoll sergeant.
Your ball python bites the gnoll sergeant but does no damage.
Your ball python barely misses the gnoll sergeant.
Okay, then.
You bite the gnoll sergeant!
You kill the gnoll sergeant!
Cheibriados thoroughly appreciates the change of pace.
Cheibriados raises the support of your attributes as your movement slows.
* * * LOW HITPOINT WARNING * * *
You feel sick.
A gnoll comes into view. It is wielding a halberd.
Unknown command.
Unknown command.
Unknown command.
Are you sure you want to abandon this character and quit the game? (Confirm with "yes".)

#...## #......#..# #....#
#......#..# #....#
#....).#..'
#..#######)..<..#'###
###'###.#..##)...#[.##.#
....#.......#....'.....#
....'.......+....#.....
##'###..###'#...S#######
....##..#......SsS......
....'...#......SSS....g.
....#...#...........(...
'#####.##..............g
..# #.#......##'######+
.># .#......#..# ..#
#......#..#
#'##+###......##'# ##+#
.........###'###.######..#


You could see 2 gnolls, 2 friendly adders and 4 friendly ball pythons.

Vanquished Creatures
  A two-headed ogre (D:10)
  A hornet (D:9)
  A hippogriff (D:10)
  Menkaure (D:4)
  A water moccasin (D:7)
  2 black bears
  An ogre (D:5)
  A centaur (D:5)
  3 bullfrogs
  A gnoll sergeant (D:10)
  A scorpion (D:9)
  3 killer bees (D:10)
  5 wights (D:10)
  A howler monkey (D:10)
  A crimson imp (D:8)
  A hound (D:7)
  A jelly (D:6)
  2 iguanas
  2 orc wizards (D:10)
  A worker ant (D:4)
  5 adders
  A gnoll (D:10)
  A shadow imp (D:10)
  2 worms
  2 dart slugs (D:3)
  A leopard gecko (D:3)
  11 orcs
  3 giant cockroaches
  A goblin (D:2)
  A hobgoblin (D:1)
  2 jackals (D:2)
  9 kobolds
  A quokka (D:6)
  4 bats
  3 frilled lizards
  A jackal skeleton (D:7)
  A quokka skeleton (D:4)
  8 rats
88 creatures vanquished.

Vanquished Creatures (collateral kills)
  A sky beast (D:10)
  A big kobold (D:8)
  A centaur zombie (D:10)
  An adder (D:8)
  A gnoll (D:10)
5 creatures vanquished.

Vanquished Creatures (others)
  11 fungi (D:9)
  A plant (D:9)
12 creatures vanquished.

Grand Total: 105 creatures vanquished

Notes
Turn   | Place    | Note
-------+----------+-------------------------------------------
     0 | D:1      | tidbits the Gnoll Transmuter began the quest for the Orb.
     0 | D:1      | Reached XP level 1. HP: 17/17 MP: 6/6
   108 | D:2      | Reached XP level 2. HP: 21/23 MP: 5/7
   112 | D:2      | Learned a level 2 spell: Sticks to Snakes
   286 | D:2      | Reached XP level 3. HP: 18/28 MP: 2/9
   294 | D:2      | Learned a level 3 spell: Spider Form
   302 | D:3      | Reached skill level 5 in Spellcasting
   332 | D:3      | Reached skill level 1 in Invocations
   354 | D:3      | Found a glowing silver altar of Zin.
   410 | D:3      | Found a faded altar of an unknown god.
   459 | D:4      | Reached skill level 1 in Short Blades
   459 | D:4      | Reached skill level 1 in Long Blades
   459 | D:4      | Reached skill level 1 in Axes
   459 | D:4      | Reached skill level 1 in Maces & Flails
   459 | D:4      | Reached skill level 1 in Polearms
   459 | D:4      | Reached skill level 1 in Staves
   459 | D:4      | Reached skill level 1 in Slings
   459 | D:4      | Reached skill level 1 in Bows
   459 | D:4      | Reached skill level 1 in Crossbows
   459 | D:4      | Reached skill level 1 in Throwing
   459 | D:4      | Reached skill level 1 in Armour
   459 | D:4      | Reached skill level 1 in Stealth
   459 | D:4      | Reached skill level 1 in Shields
   459 | D:4      | Reached skill level 1 in Evocations
   459 | D:4      | Reached XP level 4. HP: 16/34 MP: 0/11
   469 | D:4      | Noticed an ogre
   566 | D:3      | Learned a level 1 spell: Apportation
   603 | D:4      | Noticed Menkaure
   611 | D:4      | Killed Menkaure
   611 | D:4      | Reached skill level 3 in Fighting
   611 | D:4      | Reached skill level 1 in Conjurations
   611 | D:4      | Reached skill level 1 in Hexes
   611 | D:4      | Reached skill level 1 in Charms
   611 | D:4      | Reached skill level 1 in Summonings
   611 | D:4      | Reached skill level 1 in Necromancy
   611 | D:4      | Reached skill level 1 in Translocations
   611 | D:4      | Reached skill level 4 in Transmutations
   611 | D:4      | Reached skill level 1 in Fire Magic
   611 | D:4      | Reached skill level 1 in Ice Magic
   611 | D:4      | Reached skill level 1 in Air Magic
   611 | D:4      | Reached skill level 1 in Earth Magic
   611 | D:4      | Reached skill level 1 in Poison Magic
   611 | D:4      | Reached XP level 5. HP: 33/41 MP: 2/12
   669 | D:4      | Found a staircase to the Ecumenical Temple.
   675 | D:4      | Found a snail-covered altar of Cheibriados.
   679 | D:4      | Found a deep blue altar of Sif Muna.
   683 | D:4      | Became a worshipper of Cheibriados the Contemplative
   699 | D:5      | Entered Level 5 of the Dungeon
   706 | D:5      | Noticed a centaur
   714 | D:5      | Killed a centaur
   714 | D:5      | Reached skill level 2 in Invocations
   714 | D:5      | Reached XP level 6. HP: 25/47 MP: 10/14
   820 | D:5      | Reached skill level 2 in Short Blades
   820 | D:5      | Reached skill level 2 in Long Blades
   820 | D:5      | Reached skill level 2 in Axes
   820 | D:5      | Reached skill level 2 in Maces & Flails
   820 | D:5      | Reached skill level 2 in Polearms
   820 | D:5      | Reached skill level 2 in Staves
   820 | D:5      | Reached skill level 2 in Slings
   820 | D:5      | Reached skill level 2 in Bows
   820 | D:5      | Reached skill level 2 in Crossbows
   820 | D:5      | Reached skill level 2 in Throwing
   820 | D:5      | Reached skill level 2 in Armour
   820 | D:5      | Reached skill level 5 in Dodging
   820 | D:5      | Reached skill level 2 in Stealth
   820 | D:5      | Reached skill level 2 in Shields
   820 | D:5      | Reached skill level 2 in Evocations
   845 | D:5      | Noticed a vampire
  1023 | D:7      | Reached XP level 7. HP: 51/52 MP: 11/15
  1073 | D:7      | Reached skill level 7 in Unarmed Combat
  1152 | D:8      | Learned a level 1 spell: Animate Skeleton
  1215 | D:8      | Reached skill level 2 in Conjurations
  1215 | D:8      | Reached skill level 2 in Hexes
  1215 | D:8      | Reached skill level 2 in Charms
  1215 | D:8      | Reached skill level 2 in Summonings
  1215 | D:8      | Reached skill level 2 in Necromancy
  1215 | D:8      | Reached skill level 2 in Translocations
  1215 | D:8      | Reached skill level 2 in Fire Magic
  1215 | D:8      | Reached skill level 2 in Ice Magic
  1215 | D:8      | Reached skill level 2 in Air Magic
  1215 | D:8      | Reached skill level 2 in Earth Magic
  1215 | D:8      | Reached skill level 2 in Poison Magic
  1226 | D:8      | Reached * piety under Cheibriados
  1318 | D:9      | Noticed a hungry ghost
  1322 | D:9      | Noticed a hornet
  1328 | D:9      | Killed a hornet
  1328 | D:9      | Reached skill level 3 in Invocations
  1328 | D:9      | Reached XP level 8. HP: 21/60 MP: 10/16
  1337 | D:9      | Noticed a yak
  1337 | D:9      | Noticed a yak
  1339 | D:9      | Noticed a yak
  1339 | D:9      | Noticed a yak
  1344 | D:9      | Reached skill level 4 in Fighting
  1344 | D:9      | Reached skill level 3 in Short Blades
  1344 | D:9      | Reached skill level 3 in Long Blades
  1344 | D:9      | Reached skill level 3 in Axes
  1344 | D:9      | Reached skill level 3 in Maces & Flails
  1344 | D:9      | Reached skill level 3 in Polearms
  1344 | D:9      | Reached skill level 3 in Staves
  1344 | D:9      | Reached skill level 3 in Slings
  1344 | D:9      | Reached skill level 3 in Bows
  1344 | D:9      | Reached skill level 3 in Crossbows
  1344 | D:9      | Reached skill level 3 in Throwing
  1344 | D:9      | Reached skill level 3 in Armour
  1344 | D:9      | Reached skill level 3 in Stealth
  1344 | D:9      | Reached skill level 3 in Shields
  1344 | D:9      | Reached skill level 3 in Evocations
  1375 | D:9      | Noticed a hippogriff
  1389 | D:10     | Entered Level 10 of the Dungeon
  1404 | D:10     | Noticed a hippogriff
  1415 | D:10     | Killed a hippogriff
  1415 | D:10     | Reached skill level 6 in Spellcasting
  1557 | D:9      | Noticed Maurice
  1572 | D:10     | Reached skill level 3 in Conjurations
  1572 | D:10     | Reached skill level 3 in Hexes
  1572 | D:10     | Reached skill level 3 in Charms
  1572 | D:10     | Reached skill level 3 in Summonings
  1572 | D:10     | Reached skill level 3 in Necromancy
  1572 | D:10     | Reached skill level 3 in Translocations
  1572 | D:10     | Reached skill level 3 in Fire Magic
  1572 | D:10     | Reached skill level 3 in Ice Magic
  1572 | D:10     | Reached skill level 3 in Air Magic
  1572 | D:10     | Reached skill level 3 in Earth Magic
  1572 | D:10     | Reached skill level 3 in Poison Magic
  1572 | D:10     | Reached skill level 4 in Invocations
  1630 | D:10     | Reached XP level 9. HP: 56/66 MP: 11/18
  1633 | D:10     | Reached skill level 6 in Dodging
  1650 | D:10     | Reached ** piety under Cheibriados
  1650 | D:10     | Reached skill level 5 in Transmutations
  1747 | D:11     | Noticed a two-headed ogre
  1748 | D:11     | Gained mutation: You have an increased reservoir of magic. (+10% MP) [potion of mutation]
  1748 | D:11     | Gained mutation: Your system is resistant to poisons. (rPois) [potion of mutation]
  1781 | D:10     | Noticed a two-headed ogre
  1790 | D:10     | Killed a two-headed ogre
  1790 | D:10     | Reached skill level 5 in Fighting
  1790 | D:10     | Reached skill level 4 in Short Blades
  1790 | D:10     | Reached skill level 4 in Long Blades
  1790 | D:10     | Reached skill level 4 in Axes
  1790 | D:10     | Reached skill level 4 in Maces & Flails
  1790 | D:10     | Reached skill level 4 in Polearms
  1790 | D:10     | Reached skill level 4 in Staves
  1790 | D:10     | Reached skill level 4 in Slings
  1790 | D:10     | Reached skill level 4 in Bows
  1790 | D:10     | Reached skill level 4 in Crossbows
  1790 | D:10     | Reached skill level 4 in Throwing
  1790 | D:10     | Reached skill level 4 in Armour
  1790 | D:10     | Reached skill level 4 in Stealth
  1790 | D:10     | Reached skill level 4 in Shields
  1790 | D:10     | Reached skill level 4 in Evocations
  1834 | D:10     | Learned a level 5 spell: Blade Hands
  1838 | D:10     | Learned a level 1 spell: Confusing Touch
  1845 | D:10     | Reached skill level 8 in Unarmed Combat
  1852 | D:10     | Quit the game

Vault maps used:
D:1:      dpeg_arrival_rhombi
D:2:      minmay_rat_gold_closets
D:3:      zin_statuary, chequers_ecumenical_altar_island, first_ration
D:4:      chequers_temple_overflow_statue_of_worship, temple_pool_b,
          uniq_menkaure
D:5:      uniq_blork_the_orc
D:6:      bloody_trog, uniq_edmund
D:7:      grunt_temple_overflow_open
D:9:      kb_xom_exploding_sheep, due_lair_maze_entry_diamond, uniq_maurice
D:10:     hangedman_ranch, grunt_decor_resistance
D:11:     cheibrodos_orc_bank, orc_0_dummy, basic_altar, grunt_ministairs_5,
          feat_on_display

Skill      XL: |  1  2  3  4  5  6  7  8  9 |
---------------+----------------------------+-----
Spellcasting   | 5 6 |  6.7
Invocations    | 1 2 3 4 |  4.8
Short Blades   | 1 2 3 4 |  4.4
Long Blades    | 1 2 3 4 |  4.4
Axes           | 1 2 3 4 |  4.4
Maces & Flails | 1 2 3 4 |  4.4
Polearms       | 1 2 3 4 |  4.4
Staves         | 1 2 3 4 |  4.4
Slings         | 1 2 3 4 |  4.4
Bows           | 1 2 3 4 |  4.4
Crossbows      | 1 2 3 4 |  4.4
Throwing       | 1 2 3 4 |  4.4
Armour         | 1 2 3 4 |  4.4
Stealth        | 1 2 3 4 |  4.4
Shields        | 1 2 3 4 |  4.4
Evocations     | 1 2 3 4 |  4.4
Fighting       | 3 4 5 |  5.2
Conjurations   | 1 2 3 |  3.6
Hexes          | 1 2 3 |  3.6
Charms         | 1 2 3 |  3.6
Summonings     | 1 2 3 |  3.6
Necromancy     | 1 2 3 |  3.6
Translocations | 1 2 3 |  3.6
Transmutations | 4 5 |  5.3
Fire Magic     | 1 2 3 |  3.6
Ice Magic      | 1 2 3 |  3.6
Air Magic      | 1 2 3 |  3.6
Earth Magic    | 1 2 3 |  3.6
Poison Magic   | 1 2 3 |  3.6
Dodging        | 5 6 |  6.4
Unarmed Combat | 7 8 |  8.0

Action                   |  1- 3 |  4- 6 |  7- 9 || total
-------------------------+-------+-------+-------++-------
Melee: Unarmed           |    72 |    39 |   138 ||   249
       Headbutt          |     9 |       |       ||     9
       Bite              |     4 |       |       ||     4
Throw: Tomahawk          |       |       |     5 ||     5
 Cast: Beastly Appendage |     8 |       |       ||     8
       Sticks to Snakes  |     2 |     3 |    15 ||    20
       Spider Form       |     5 |     9 |    18 ||    32
 Abil: End Transformatio |       |       |     1 ||     1
Evoke: Wand              |       |       |     4 ||     4
  Use: Scroll            |     3 |     5 |     3 ||    11
       Potion            |       |     1 |     2 ||     3
 Stab: Sleeping          |       |       |     1 ||     1
       Distracted        |       |       |     2 ||     2
  Eat: Chunk             |       |     2 |       ||     2
       Ration            |       |       |     1 ||     1
Armor: Robe              |     4 |     1 |     2 ||     7
       Skin              |     2 |     6 |     6 ||    14
Dodge: Dodged            |    53 |    22 |   151 ||   226

Table legend:
 A = Spawn XP
 B = Non-spawn XP
 C = Spawn XP percentage of total XP
 D = Spawn monster count
 E = Non-spawn monster count
 F = Spawn count percentage of total count
 G = Total turns spent on level
                    A         B        C        D         E        F      G
               +---------+---------+-------+---------+---------+-------+---------
         Total |       0 |    3926 |   0.0 |       0 |      93 |   0.0 |  1852
               +---------+---------+-------+---------+---------+-------+---------
           D:1 |       0 |      11 |   0.0 |       0 |       9 |   0.0 |   116
           D:2 |       0 |      22 |   0.0 |       0 |      12 |   0.0 |   186
           D:3 |       0 |      44 |   0.0 |       0 |      13 |   0.0 |   259
           D:4 |       0 |     230 |   0.0 |       0 |      10 |   0.0 |   138
           D:5 |       0 |     252 |   0.0 |       0 |       4 |   0.0 |   168
           D:6 |       0 |      40 |   0.0 |       0 |       2 |   0.0 |   131
           D:7 |       0 |     245 |   0.0 |       0 |       6 |   0.0 |   172
           D:8 |       0 |     155 |   0.0 |       0 |       9 |   0.0 |   144
           D:9 |       0 |     488 |   0.0 |       0 |       3 |   0.0 |    84
          D:10 |       0 |    2349 |   0.0 |       0 |      24 |   0.0 |   434
          D:11 |       0 |      90 |   0.0 |       0 |       1 |   0.0 |    20
               +---------+---------+-------+---------+---------+-------+---------

Table legend:
 A = Turns spent in this place as a percentage of turns spent in the entire game.
 B = Non-inter-level travel turns spent in this place as a percentage of non-inter-level travel turns spent in the entire game.
 C = Inter-level travel turns spent in this place as a percentage of turns spent in this place.
 D = Turns resting spent in this place as a percentage of non-inter-level travel turns spent in this place.
 E = Turns spent auto-exploring this place as a percentage of non-inter-level travel turns spent in this place.
 F = Non-inter-level travel turns spent in this place divided by the number of levels of this place that you've seen.
                   A       B       C       D       E      F
               +-------+-------+-------+-------+-------+----------------------
         Total | 100.0 | 100.0 |   0.0 |   0.0 |   0.0 | 168.4
       Dungeon | 100.0 | 100.0 |   0.0 |   0.0 |   0.0 | 168.4
               +-------+-------+-------+-------+-------+----------------------

Table legend:
 A = Kills in this place as a percentage of kills in entire the game.
 B = Kills by you in this place as a percentage of kills by you in the entire game.
 C = Kills by friends in this place as a percentage of kills by friends in the entire game.
 D = Other kills in this place as a percentage of other kills in the entire game.
 E = Experience gained in this place as a percentage of experience gained in the entire game.
 F = Experience gained in this place divided by the number of levels of this place that you have seen.
                   A       B       C       D       E      F
               +-------+-------+-------+-------+-------+----------------------
         Total | 100.0 | 100.0 | 100.0 |   N/A | 100.0 | 356.9
       Dungeon | 100.0 | 100.0 | 100.0 |   N/A | 100.0 | 356.9
               +-------+-------+-------+-------+-------+----------------------

Vault maps used:
D:1:      dpeg_arrival_rhombi
D:2:      minmay_rat_gold_closets
D:3:      zin_statuary, chequers_ecumenical_altar_island, first_ration
D:4:      chequers_temple_overflow_statue_of_worship, temple_pool_b,
          uniq_menkaure
D:5:      uniq_blork_the_orc
D:6:      bloody_trog, uniq_edmund
D:7:      grunt_temple_overflow_open
D:9:      kb_xom_exploding_sheep, due_lair_maze_entry_diamond, uniq_maurice
D:10:     hangedman_ranch, grunt_decor_resistance
D:11:     cheibrodos_orc_bank, orc_0_dummy, basic_altar, grunt_ministairs_5,
          feat_on_display
